cohdb
Replays
Latest Replays
All Replays
Popular Replays
Top Player Replays
Match Explorer
How It Works
Community
CoH3 Stats
Reddit
Sign in to upload your games and track your stats! →
Sign in with Steam
Match 39656275
Unlisted
Match 39656275
Overview
Messages
Build Orders
End
Construct Weapon Support Center
Selects Heavy Weapons
M1919 Machine Gun Team
M1919 Machine Gun Team
Bazooka Squad
Infantry Support Center
Construct Barracks
Construct Medical Station
Construct Medical Station
Riflemen Squad
Selects M2HB .50cal Heavy Machine Gun
M1918 Browning Automatic Rifles
Riflemen Squad
Advanced Logistics
Selects Rapid Reposition
Survival Training
Grenade Package
Construct Motor Pool
Munitions Surplus
M1 Anti-tank Gun Team
M1 Anti-tank Gun Team
Selects Bolstered Team Weapons
Demolitions Package
M1919 Machine Gun Team
M1 Anti-tank Gun Team
Engineer Squad
Selects Assault Carriers
Selects Halftrack Strongpoints
M3 Assault Carrier
Improved M9 Bazooka Rockets
Construct Tank Depot
Selects M26 Pershing Heavy Tank
M26 Pershing Heavy Tank
M18 Hellcat Tank Destroyer
M18 Hellcat Tank Destroyer
M18 Hellcat Tank Destroyer
Mortar Pit
Mortar Pit
M1 Anti-tank Gun Team
Engineer Squad
M4(105) Sherman Bulldozer
M26 Pershing Heavy Tank
Trademark
Lovey Dovey
爬树的肥猪
Nashorn101
0
0
Comments
sign in to comment!
No comments posted yet!